 Dungeon Crawl Stone Soup version 0.31.0-12-g77e489cdc1 (webtiles) character file.

Game seed: 4508822362774874657

751 Brush the Trooper (level 7, -8/39 HPs)
             Began as a Vine Stalker Monk on Feb 24, 2024.
             Mangled by a troll (13 damage)
             ... on level 5 of the Dungeon.
             The game lasted 00:04:57 (3146 turns).

Brush the Trooper (Vine Stalker Monk)               Turns: 3146, Time: 00:04:58

Health: -8/39      AC:  4    Str: 13    XL:     7   Next: 78%
Magic:  0/17       EV: 13    Int: 19    God:
Gold:   350        SH:  0    Dex: 19    Spells: 4/6 levels left

rFire   . .          .
                       - Unarmed
rCold   . . .        c - orb {light}
rNeg    . . .        x - +0 leather armour
rPois   .            m - +0 helmet of Whack-A-Mole {MP+9 Int+3}
rElec   .            (no cloak)
rCorr   .            (no gloves)
SInv    .            (no boots)
Will    .....        (no amulet)
Stlth   +            I - +6 ring of intelligence
HPRegen 1.06/turn    (no ring)
MPRegen 0.15/turn

%: guardian spirit
@: glowing
A: fangs 2, regeneration 1, magic shield, antimagic bite, no potion heal 2
a: no special abilities


You were on level 5 of the Dungeon.
You visited 1 branch of the dungeon, and saw 5 of its levels.

You collected 350 gold pieces.


Innate Abilities, Weirdness & Mutations

You have extremely sharp teeth.
Your natural rate of healing is unusually fast.
When hurt, damage is shared between your health and your magic reserves.
Your bite disrupts and absorbs the magic of your enemies.
Potions cannot restore your health.


   Skills:
 - Level 5.0 Fighting
 - Level 4.0 Dodging
 + Level 5.0 Unarmed Combat
 - Level 4.0 Translocations


You had 4 spell levels left.
You knew the following spells:

 Your Spells              Type           Power      Damage    Failure   Level
B - Blink                 Tloc           30%        N/A       8%          2

Your spell library contained the following spells:

 Spells                   Type           Power      Damage    Failure   Level
 Apportation              Tloc           30%        N/A       4%          1
 Magic Dart               Conj           0%         1d3       26%         1
 Shock                    Conj/Air       0%         1d3       26%         1
 Call Imp                 Summ           0%         N/A       36%         2
 Jinxbite                 Hex            0%         N/A       36%         2
 Swiftness                Air            0%         N/A       61%         3
 Airstrike                Air            0%         2d(0-16)  95%         4
 Alistair's Intoxication  Alch           0%         N/A       100%        5

Inventory:

Missiles
 j - 5 poisoned darts (quivered)
Armour
 a - a +0 robe
 c - an orb of light (worn)
 m - the +0 helmet of Whack-A-Mole (worn) {MP+9 Int+3}
   (You found it on level 2 of the Dungeon)

   Int+3:     It affects your intelligence (+3).
   MP+9:      It affects your magic capacity (+9).
 x - a +0 leather armour (worn)
Jewellery
 I - a +6 ring of intelligence (left hand)
Talismans
 r - a serpent talisman
 C - a blade talisman
Scrolls
 d - a scroll of butterflies {unknown}
 e - 2 scrolls of blinking {unknown}
 g - a scroll of fog {unknown}
 i - 5 scrolls of teleportation {unknown}
 k - a scroll of enchant armour {unknown}
 l - a scroll of fear {unknown}
 o - 2 scrolls of vulnerability {unknown}
 p - 2 scrolls of revelation {unknown}
 t - 3 scrolls of identify {unknown}
 w - a scroll of immolation {unknown}
 y - 3 scrolls of acquirement {unknown}
 A - a scroll of noise {unknown}
 B - a scroll of poison {unknown}
Potions
 b - a potion of ambrosia
 f - 2 potions of enlightenment {unknown}
 h - 3 potions of lignification {unknown}
 n - 3 potions of degeneration {unknown}
 q - a potion of haste {unknown}
 s - a potion of invisibility {unknown}
 u - a potion of heal wounds {unknown}
 v - 2 potions of mutation {unknown}
 z - a potion of berserk rage {unknown}

Dungeon Overview and Level Annotations

Branches:
Dungeon (5/15)
 Temple: D:4-7

Altars:
Makhleb
Nemelex Xobeh
Ru
Xom
The Shining One

Shops:
D:4 :

Annotations:
D:4 1 runed translucent door, Crazy Yiuf

..
▒.#.≈≈≈≈≈≈≈...#
.. #
##............#
.. .##.
###..)...#######
..
....###...##.###
.. #......## .#
.. #......# # ..
###...## ..
#....## ..
#...@.#
.......T.#
##..###(.# #..
.(.# ... (.## ..
.### ( .(


You could see a troll (poisoned).


Message History

You barely miss the troll. Your bite misses the troll.
The troll is lightly wounded.
The troll misses you. The troll claws you! The troll barely misses you.
You barely miss the troll. You bite the troll. You drain its power.
You feel invigorated.
The troll is lightly wounded.
The troll closely misses you. x3
You barely miss the troll. You bite the troll. You drain its power.
You feel invigorated.
The troll is moderately wounded.
The troll bites you! The troll misses you.
The troll claws you but does no damage.
Unknown command.
You hit the troll.
The troll is heavily wounded.
The troll closely misses you. The troll claws you!
* * * LOW HITPOINT WARNING * * *
The troll barely misses you.
You hit the troll. You bite the troll, but do no damage.
The troll is heavily wounded.
The troll bites you!
* * * LOW HITPOINT WARNING * * *
The troll claws you.
* * * LOW HITPOINT WARNING * * *
The troll claws you!
* * * LOW HITPOINT WARNING * * *
You hit the troll but do no damage. You bite the troll, but do no damage.
The troll is heavily wounded.
The troll bites you!
You die...

Skill      XL: |  1  2  3  4  5  6  7 |
---------------+----------------------+-----
Fighting       | 3 4 5 |  5.0
Unarmed Combat | 4 5 |  5.0
Dodging        | 3 4 |  4.0
Translocations | 3 4 |  4.0

Action                     |  1- 3 |  4- 6 |  7- 9 || total
---------------------------+-------+-------+-------++-------
  Melee: Unarmed           |    90 |   221 |    63 ||   374
         Bite              |    35 |    82 |    24 ||   141
  Throw: Dart              |       |       |     5 ||     5
 Armour: Robe              |    33 |    24 |       ||    57
         Leather armour    |       |    59 |    49 ||   108
  Dodge: Dodged            |    58 |   112 |    48 ||   218

Levels and vault maps discovered:
D:1:      lightli_molten_gateway, layout_rooms
D:2:      layout_rooms, uniq_natasha
D:3:      layout_rooms, mainiacjoe_overflow_chevrons,
          mainiacjoe_overflow_24_doors, lemuel_round_altar,
          shapermc_ecumenical_altar_acropolis
D:4:      layout_loops_corners, makhleb_heckhound_becter, serial_shops, shop,
          uniq_crazy_yiuf_cottage, uniq_robin
D:5:      layout_cave_pools, mainiacjoe_overflow_catwalk, nrook_pool_corridor,
          hangedman_feature_mirror

Notes
Turn   | Place    | Note
-------+----------+-------------------------------------------
     0 | D:1      | Brush the Vine Stalker Monk began the quest for the Orb.
     0 | D:1      | Reached XP level 1. HP: 11/11 MP: 2/2
    51 | D:1      | Reached skill level 3 in Fighting
    62 | D:1      | Reached XP level 2. HP: 16/16 MP: 1/3
   220 | D:1      | Reached XP level 3. HP: 21/21 MP: 4/4
   488 | D:2      | Reached skill level 4 in Fighting
   596 | D:2      | Noticed Natasha
   606 | D:2      | Killed Natasha
   607 | D:2      | Reached XP level 4. HP: 25/25 MP: 5/5
   715 | D:2      | Identified the +0 helmet of Whack-A-Mole {MP+9 Int+3}
  1039 | D:3      | Reached skill level 4 in Unarmed Combat
  1101 | D:3      | Found a faded altar of an unknown god.
  1209 | D:3      | Found a shimmering altar of Xom.
  1281 | D:3      | Found a glowing golden altar of the Shining One.
  1389 | D:3      | Found a sacrificial altar of Ru.
  1408 | D:3      | Reached XP level 5. HP: 29/29 MP: 6/6
  1409 | D:3      | Reached skill level 3 in Dodging
  1717 | D:4      | Reached skill level 5 in Fighting
  1829 | D:4      | Reached XP level 6. HP: 35/35 MP: 7/7
  1832 | D:4      | Learned a level 2 spell: Blink
  2058 | D:4      | Noticed Robin
  2070 | D:4      | Killed Robin
  2071 | D:4      | Reached skill level 1 in Translocations
  2137 | D:4      | Found a runed translucent door.
  2138 | D:4      | Noticed Crazy Yiuf
  2179 | D:4      | Found a burning altar of Makhleb.
  2407 | D:4      | Found Daum's Book Emporium.
  2427 | D:4      | Reached skill level 2 in Translocations
  2696 | D:5      | Entered Level 5 of the Dungeon
  2877 | D:5      | Reached skill level 5 in Unarmed Combat
  2877 | D:5      | Reached skill level 3 in Translocations
  2877 | D:5      | Reached XP level 7. HP: 39/39 MP: 8/8
  2963 | D:5      | Reached skill level 4 in Translocations
  3066 | D:5      | Reached skill level 4 in Dodging
  3113 | D:5      | Found a sparkling altar of Nemelex Xobeh.
  3135 | D:5      | Noticed a troll
  3146 | D:5      | Mangled by a troll

Vanquished Creatures
  A black bear (D:5)
  2 ogres (D:5)
  A howler monkey (D:4)
  2 bombardier beetles (D:4)
  2 hounds (D:4)
  An iguana (D:4)
  Natasha (D:2)
  3 orc wizards
  Robin (D:4)
  4 adders
  2 dart slugs
  5 ribbon worms
  29 orcs
  4 ball pythons
  9 bats
  5 endoplasms
  5 giant cockroaches
  12 goblins
  10 hobgoblins
  7 kobolds
  3 quokkas
  5 frilled lizards
  9 rats
123 creatures vanquished.

Table legend: (Time is in decaauts)
 A = Elapsed time spent in this place.
 B = Non-inter-level travel time spent in this place.
 C = Inter-level travel time spent in this place.
 D = Time resting spent in this place.
 E = Time spent auto-exploring this place.
 F = Levels seen in this place.
 G = Mean time per level.
                   A        B        C        D        E       F      G
               +--------+--------+--------+--------+--------+-----+--------+
         Total |   3116 |   2999 |    117 |    152 |   2098 |   5 |  623.2 |
       Dungeon |   3116 |   2999 |    117 |    152 |   2098 |   5 |  623.2 |
               +--------+--------+--------+--------+--------+-----+--------+

Top non-repeatable levels by time:
     D:4: 1236 daAuts
     D:2: 643 daAuts
     D:3: 498 daAuts
     D:1: 380 daAuts
     D:5: 357 daAuts

Table legend:
 A = Non-vault XP
 B = Vault XP
 C = Vault XP percentage of total XP
 D = Non-vault monster count
 E = Vault monster count
 F = Vault count percentage of total count
                 A         B        C        D         E       F
            +---------+---------+-------+---------+---------+-------
      Total |     969 |     105 |   9.8 |     112 |      11 |   8.9
            +---------+---------+-------+---------+---------+-------
        D:1 |      44 |       0 |   0.0 |      27 |       0 |   0.0
        D:2 |      39 |      35 |  47.3 |      20 |       1 |   4.8
        D:3 |      53 |       0 |   0.0 |      14 |       0 |   0.0
        D:4 |     343 |      70 |  16.9 |      32 |      10 |  23.8
        D:5 |     490 |       0 |   0.0 |      19 |       0 |   0.0
            +---------+---------+-------+---------+---------+-------
